Map: Lerilak Crest

Players

Aliado

  • Race: Terran Terran
  • League: Gold

Wellmet - Winner!

  • Race: Terran Terran
  • League: Diamond

VOD

Have the link to the VOD?

Description

Time

  • Played on: Nov. 14, 2015, 10:21 p.m.
  • Length: 7:33
Show
View Real Time Build Order
Export as new Build Order

Aliado Terran 

Build Orders: 1/1/1, Banshee Rush 

Get SALT Encoding   

  12  0:01  SCV  
  13  0:13  SCV  
  14  0:17  Supply Depot  
  14  0:25  SCV  
  15  0:29  Refinery  
  15  0:39  SCV  
  16  0:46  Barracks  
  16  0:52  SCV  
  17  1:01  Refinery  
  17  1:07  SCV  
  18  1:19  SCV  
  19  1:34  Factory, Orbital Command  
  19  1:45  Reaper  
  19  1:58  Supply Depot  
  19  2:00  SCV  
  19  2:17  SCV  
  19  2:20  Starport  
  19  2:27  Hellion  
  21  2:30  SCV  
  22  2:47  SCV, Barracks Reactor  
  23  2:57  Starport Tech Lab  
  23  2:59  SCV  
  24  3:13  SCV  
  24  3:15  Banshee, Cloaking Field  
  24  3:19  Factory Tech Lab  
  28  3:24  Marine x2  
  28  3:25  SCV  
  31  3:45  SCV, Marine  
  31  3:53  Supply Depot x2, Marine  
  31  4:10  Banshee, Siege Tank, SCV  
  31  4:16  Marine x2  
  40  4:43  Siege Tank  
  40  4:44  Command Center, SCV  
  44  4:50  Marine  
  45  4:56  SCV  
  46  5:01  Viking  
  48  5:08  SCV  
  49  5:20  Siege Tank  
  53  5:21  SCV  
  53  5:35  Supply Depot x2  
  53  5:36  Barracks  
  43  5:52  Viking  
  45  5:57  Orbital Command  
  45  5:59  SCV  
  46  6:06  Barracks  
  46  6:12  SCV  
  45  6:25  SCV  
  46  6:30  SCV  
  47  6:37  SCV  
  47  6:38  Siege Tank  
  47  6:39  Marine  
  52  6:41  Barracks Reactor, Viking  
  52  6:42  SCV  
  53  6:49  SCV  
  53  6:54  Barracks Reactor, Engineering Bay, SCV  
  54  7:01  SCV  
  47  7:17  SCV  
Show
View Real Time Build Order
Export as new Build Order

Wellmet Terran - Winner!

Build Orders: Reaper Expand 

Get SALT Encoding   

  12  0:01  SCV  
  13  0:13  SCV  
  14  0:20  Supply Depot  
  14  0:25  SCV  
  15  0:41  SCV  
  15  0:42  Barracks  
  16  0:47  Refinery  
  16  0:54  SCV  
  17  1:06  SCV  
  18  1:18  SCV  
  19  1:30  Orbital Command  
  19  1:31  Reaper  
  20  1:44  Command Center  
  20  1:55  SCV  
  21  2:04  Supply Depot  
  21  2:06  Barracks Reactor  
  21  2:09  SCV  
  22  2:22  SCV  
  23  2:26  Refinery  
  23  2:29  Factory  
  23  2:34  SCV  
  24  2:47  Marine x2  
  24  2:48  SCV  
  27  2:58  Command Center  
  27  3:01  Orbital Command  
  27  3:08  SCV  
  27  3:12  Marine x2  
  29  3:20  Starport  
  29  3:23  Factory Tech Lab  
  29  3:26  SCV  
  30  3:31  SCV, Marine  
  30  3:40  SCV  
  31  3:43  Marine  
  31  3:46  SCV  
  31  3:49  Marine  
  31  3:55  SCV  
  32  3:59  Factory Tech Lab  
  32  4:01  SCV, Marine  
  34  4:07  Marine  
  35  4:10  Raven  
  35  4:11  Orbital Command  
  37  4:19  SCV x2, Marine  
  37  4:21  Siege Tank  
  41  4:25  Marine  
  41  4:30  Orbital Command  
  41  4:31  SCV  
  43  4:36  Marine  
  44  4:39  SCV  
  44  4:43  SCV, Marine  
  47  4:54  Marine  
  47  4:57  Viking  
  47  4:59  Siege Tank  
  52  5:00  Marine  
  52  5:05  Barracks  
  53  5:11  SCV  
  53  5:14  Orbital Command  
  53  5:20  Marine x2  
  55  5:22  Supply Depot  
  51  5:30  Banshee  
  51  5:31  Cloaking Field  
  53  5:38  Marine x2  
  53  5:47  SCV  
  52  5:56  Marine x2  
  54  5:58  Marine  
  55  6:07  Orbital Command  
  51  6:14  SCV  
  51  6:16  Marine x2  
  53  6:26  SCV  
  53  6:27  Siege Tank  
  53  6:29  Barracks  
  57  6:33  Barracks Tech Lab  
  55  6:41  SCV  
  55  6:44  SCV  
  55  6:45  Marine x2  
  59  6:51  Barracks  
  59  6:52  Barracks  
  59  6:53  SCV  
  60  6:59  Marine  
  60  7:00  Viking  
  61  7:08  SCV  
  61  7:09  Marine x2  
  59  7:20  SCV  
Tags
 
Add a new tag
Caveats
  • Supply blocks, unpowered buildings, or Contaminate may cause inaccurate times.
  • Supply counts are checked every 10 seconds.